[Event "Titled Tuesday Blitz February 14 Late 2023"]
[White "Davidson, Kevin"]
[Black "Djordjevic, Dejan N"]
[WhiteFideId "2056810"]
[BlackFideId "913316"]
[WhiteElo "2154"]
[BlackElo "2167"]
[Result "0-1"]
[Round "09"]
[TimeControl "180+2"]
[Date "2023.02.14"]
[WhiteClock "0:00:01"]
[BlackClock "0:00:08"]

1. e4 c5 2. Nf3 Nc6 3. d4 cxd4 4. Nxd4 Nf6 5. Nc3 Qb6 6. Nb3 e6 7. Bd3 a6 8. O-O d6 9. a4 Qc7 10. a5 Be7 11. f4 O-O 12. Be3 Nd7 13. Qh5 g6 14. Qh6 Bf6 15. Rf3 Bg7 16. Qh4 Qd8 17. Qf2 Nb4 18. Rd1 Qc7 19. Rh3 Bf6 20. Bd4 e5 21. Be3 exf4 22. Qxf4 Re8 23. Qh6 Nf8 24. Rf3 Bg7 25. Qh4 Be6 26. Nd4 Nxd3 27. Rxd3 Qxa5 28. Nxe6 fxe6 29. Rxd6 Qb4 30. Rb6 Qe7 31. Qf2 Rac8 32. Bd4 Red8 33. Bxg7 Qxg7 34. h3 Rc7 35. Rd3 Rcd7 36. Rxd7 Rxd7 37. Rb4 Qe5 38. Rc4 Rf7 39. Qe3 Kg7 40. Rc8 Nd7 41. Rd8 Nf6 42. Qd4 Qg3 43. Qd3 Qe1+ 44. Kh2 Nh5 45. Qd4+ e5 46. Qxe5+ Kh6 0-1


[Site "https://www.chess.com"]

[Event "Titled Tuesday Blitz February 14 Late 2023"]
[White "Carrasco Miranda, Andres"]
[Black "ritanovikova"]
[WhiteFideId "3405990"]
[WhiteElo "2240"]
[BlackElo "2189"]
[Result "1-0"]
[Round "09"]
[TimeControl "180+2"]
[Date "2023.02.14"]
[WhiteClock "0:00:54"]
[BlackClock "0:00:02"]

1. d4 e5 2. dxe5 Nc6 3. Nf3 Qe7 4. g3 Nxe5 5. Nxe5 Qxe5 6. Bg2 d6 7. O-O Nf6 8. c4 Be7 9. Nc3 O-O 10. Bf4 Qh5 11. e4 Qxd1 12. Rfxd1 a6 13. a4 Bg4 14. f3 Be6 15. Nd5 Nxd5 16. cxd5 Bd7 17. Rdc1 Rac8 18. Bd2 c5 19. dxc6 Rxc6 20. Rxc6 Bxc6 21. Bc3 d5 22. e5 Bc5+ 23. Kf1 d4 24. Bd2 Bd5 25. Rc1 b6 26. f4 Bxg2+ 27. Kxg2 a5 28. Kf3 Re8 29. Bxa5 Ra8 30. b4 Be7 31. Bxb6 Bxb4 32. Rc4 Bc3 33. Bxd4 Bxd4 34. Rxd4 g6 35. g4 Kg7 36. Ke4 Ra7 37. Rb4 h5 38. h3 hxg4 39. hxg4 Rc7 40. a5 Ra7 41. Ra4 Ra6 42. Kd5 g5 43. f5 Kf8 44. Kc5 Ke7 45. Kb5 Ra8 46. a6 Rb8+ 47. Kc6 Rc8+ 48. Kb7 Rd8 49. a7 Rd7+ 50. Kc6 Rd4 51. Rxd4 1-0


[Site "https://www.chess.com"]

[Event "Titled Tuesday Blitz February 14 Late 2023"]
[White "Gerbelli Neto, Eduardo"]
[Black "Stanisz, Patryk"]
[WhiteFideId "2103281"]
[BlackFideId "1123106"]
[WhiteElo "2114"]
[BlackElo "2161"]
[Result "0-1"]
[Round "09"]
[TimeControl "180+2"]
[Date "2023.02.14"]
[WhiteClock "0:01:02"]
[BlackClock "0:00:30"]

1. e4 c5 2. Nc3 Nc6 3. f4 g6 4. Nf3 Bg7 5. Bc4 e6 6. f5 Nge7 7. fxe6 fxe6 8. d3 a6 9. O-O O-O 10. Qe1 b5 11. Bb3 Nd4 12. Bg5 h6 13. Bh4 Nxf3+ 14. gxf3 g5 15. Bg3 d5 16. a4 c4 17. Ba2 b4 18. Nd1 b3 19. cxb3 cxd3 20. Ne3 dxe4 21. fxe4 Rxf1+ 22. Qxf1 Qd4 23. Qf2 Bb7 24. Rd1 Qxe4 25. Kf1 Rf8 0-1


[Site "https://www.chess.com"]

[Event "Titled Tuesday Blitz February 14 Late 2023"]
[White "Ruiz Aguilar, Pablo Alexander"]
[Black "Marin Masis, Jose Esteban"]
[WhiteFideId "4401352"]
[BlackFideId "6508146"]
[WhiteElo "2161"]
[BlackElo "1938"]
[Result "1-0"]
[Round "09"]
[TimeControl "180+2"]
[Date "2023.02.14"]
[WhiteClock "0:00:54"]
[BlackClock "0:00:13"]

1. e4 c5 2. Nf3 Nc6 3. d4 cxd4 4. Nxd4 Nf6 5. Nc3 e5 6. Ndb5 d6 7. Bg5 a6 8. Na3 b5 9. Nd5 Be7 10. Bxf6 Bxf6 11. c4 b4 12. Nc2 a5 13. b3 O-O 14. h4 Be6 15. Nce3 Nd4 16. g3 Be7 17. Bh3 Rb8 18. Kf1 Qd7 19. Kg2 f5 20. exf5 Nxf5 21. Nxf5 Bxf5 22. Bxf5 Rxf5 23. Re1 Rbf8 24. Nxe7+ Qxe7 25. Qd5+ Kh8 26. Re2 Qf6 27. Rf1 Qd8 28. Rd1 Qf6 29. Rdd2 Rd8 30. Qxa5 g5 31. hxg5 Qxg5 32. Qxb4 Qh5 33. Re3 Rdf8 34. Qxd6 R5f6 35. Qxe5 1-0


[Site "https://www.chess.com"]

[Event "Titled Tuesday Blitz February 14 Late 2023"]
[White "Manu_ChessExcelsior"]
[Black "Stachanczyk, Jacek"]
[BlackFideId "1116657"]
[WhiteElo "1985"]
[BlackElo "2147"]
[Result "0-1"]
[Round "09"]
[TimeControl "180+2"]
[Date "2023.02.14"]
[WhiteClock "0:00:07"]
[BlackClock "0:01:00"]

1. e4 c5 2. Nf3 d6 3. Bb5+ Bd7 4. Bxd7+ Qxd7 5. O-O Nf6 6. Re1 e6 7. c3 Be7 8. d4 d5 9. e5 Ne4 10. Nbd2 Nxd2 11. Bxd2 cxd4 12. cxd4 Nc6 13. Rc1 O-O 14. Rc3 Rfc8 15. h4 Qd8 16. Ng5 h6 17. Qh5 hxg5 18. hxg5 g6 19. Qh4 Bf8 20. Rh3 Bg7 21. Rc1 Qb6 22. a3 Qxd4 23. Qh7+ Kf8 24. Be3 Qxe5 25. Bc5+ Ne7 26. Re3 Qxb2 27. Bxe7+ Kxe7 28. Rxc8 Rxc8 29. Qh4 Qc1+ 30. Kh2 Rh8 0-1


[Site "https://www.chess.com"]

[Event "Titled Tuesday Blitz February 14 Late 2023"]
[White "Cruz Gomez, Miguel Angel"]
[Black "Alfaro, William"]
[WhiteFideId "5137160"]
[BlackFideId "6100457"]
[WhiteElo "1950"]
[BlackElo "2134"]
[Result "0-1"]
[Round "09"]
[TimeControl "180+2"]
[Date "2023.02.14"]
[WhiteClock "0:00:17"]
[BlackClock "0:00:39"]

1. e4 c5 2. Nc3 a6 3. g3 b5 4. Bg2 Bb7 5. f4 e6 6. d3 d5 7. e5 Ne7 8. Nf3 h5 9. h3 Nf5 10. Kf2 h4 11. g4 Ng3 12. Re1 Nc6 13. Ne2 Nxe2 14. Qxe2 Be7 15. c3 d4 16. a4 dxc3 17. bxc3 b4 18. Rb1 a5 19. Be3 Qd7 20. d4 Ba6 21. Qc2 c4 22. Nd2 b3 23. Qc1 Rc8 24. Kg1 Bf8 25. Rf1 Ne7 26. Ne4 Nd5 27. f5 exf5 28. gxf5 Be7 29. Bg5 f6 30. e6 Qxa4 31. Bf4 Qc6 32. Qe1 a4 33. Bf3 Nxf4 34. Nxf6+ Bxf6 35. Bxc6+ Rxc6 36. Rxf4 a3 37. d5 Rd6 38. Rxc4 Bxc4 39. Qe4 Bxd5 40. Qb4 Be7 41. Qb8+ Rd8 42. Qb5+ Kf8 43. f6 gxf6 44. Rf1 Rg8+ 45. Kf2 Rg2+ 46. Ke3 a2 47. Qa6 b2 0-1


[Site "https://www.chess.com"]

[Event "Titled Tuesday Blitz February 14 Late 2023"]
[White "De Souza, Cristiano Gomes"]
[Black "Kujawski, Adam"]
[WhiteFideId "2151758"]
[BlackFideId "1100920"]
[WhiteElo "2018"]
[BlackElo "2173"]
[Result "0-1"]
[Round "09"]
[TimeControl "180+2"]
[Date "2023.02.14"]
[WhiteClock "0:00:52"]
[BlackClock "0:00:18"]

1. d4 Nf6 2. c4 e6 3. Nf3 c5 4. d5 d6 5. Nc3 g6 6. h3 Bg7 7. e4 O-O 8. Be2 a6 9. a4 b6 10. O-O e5 11. Ne1 Ne8 12. Nd3 f5 13. f4 fxe4 14. Nxe4 Bf5 15. Ng5 e4 16. Nf2 Bd4 17. Kh2 e3 18. Ng4 Qe7 19. Bf3 Nf6 20. Nh6+ Kh8 21. Nxf5 gxf5 22. Re1 Rg8 23. Ne6 Ng4+ 24. Bxg4 fxg4 25. Nxd4 gxh3 26. gxh3 Qh4 27. Qe2 Qg3+ 28. Kh1 cxd4 29. Bxe3 Qxh3+ 30. Qh2 Qf3+ 0-1


[Site "https://www.chess.com"]

[Event "Titled Tuesday Blitz February 14 Late 2023"]
[White "Romero Ruscalleda, Josep"]
[Black "Melikhov, Evgeny V."]
[WhiteFideId "2231859"]
[BlackFideId "4122046"]
[WhiteElo "2160"]
[BlackElo "2269"]
[Result "0-1"]
[Round "09"]
[TimeControl "180+2"]
[Date "2023.02.14"]
[WhiteClock "0:00:21"]
[BlackClock "0:00:18"]

1. e4 c5 2. c3 d5 3. exd5 Qxd5 4. d4 Nf6 5. Nf3 Bg4 6. dxc5 Qxc5 7. Be3 Qc7 8. Nbd2 Nc6 9. Be2 e6 10. O-O Be7 11. h3 Bh5 12. Qb3 O-O 13. Rad1 Nd5 14. Nc4 Nxe3 15. Nxe3 Rfd8 16. Rxd8+ Rxd8 17. Qc4 Qd6 18. Rd1 Qb8 19. Rxd8+ Qxd8 20. b4 a6 21. a4 h6 22. g4 Bg6 23. b5 Na5 24. Qf4 axb5 25. axb5 Bd6 26. Qd4 Bc7 27. Qxd8+ Bxd8 28. Ne5 Be4 29. f3 Bb1 30. Kf2 f6 31. Nd7 Kf7 32. Nc4 Nxc4 33. Bxc4 Ke7 34. Nb8 Bc7 35. Na6 bxa6 36. bxa6 Bb6+ 37. Kg3 e5 38. h4 g5 39. hxg5 hxg5 40. Bd5 Kd6 41. Bb7 Bd3 42. Kg2 Kc7 43. Kg3 Kb8 44. Kg2 Ka7 45. Bd5 Kxa6 46. Kg3 Kb5 47. Kg2 Kc5 48. Be6 Ba5 49. Bf5 Bxf5 50. gxf5 Bxc3 51. Kf2 Kd4 52. Ke2 Bb4 53. Kd1 Kd3 0-1


[Site "https://www.chess.com"]

[Event "Titled Tuesday Blitz February 14 Late 2023"]
[White "Liu, Casper"]
[Black "Sariego Figueredo, Wilfredo"]
[WhiteFideId "1454153"]
[BlackFideId "3500080"]
[WhiteElo "2278"]
[BlackElo "2318"]
[Result "0-1"]
[Round "09"]
[TimeControl "180+2"]
[Date "2023.02.14"]
[WhiteClock "0:00:19"]
[BlackClock "0:00:49"]

1. d4 d5 2. Bf4 Nf6 3. Nf3 e6 4. e3 Bd6 5. Bg3 O-O 6. Nbd2 c5 7. c3 Qc7 8. Bd3 Re8 9. Ne5 Nc6 10. Ndf3 Ne7 11. Ng5 Rf8 12. e4 cxd4 13. cxd4 h6 14. Ngxf7 Rxf7 15. Nxf7 Kxf7 16. e5 Bb4+ 17. Kf1 Ne4 18. Qf3+ Nf5 19. Bxe4 dxe4 20. Qxe4 Bd7 21. h3 Rc8 22. Kg1 Bc6 23. Qe2 Qb6 24. Qh5+ g6 25. Qe2 Qxd4 26. Rd1 Nxg3 27. Qf3+ Bxf3 28. Rxd4 Ne2+ 29. Kh2 Nxd4 30. gxf3 0-1


[Site "https://www.chess.com"]

[Event "Titled Tuesday Blitz February 14 Late 2023"]
[White "Georg, Heinz"]
[Black "Tarnowska, Aleksandra"]
[WhiteFideId "4607295"]
[BlackFideId "1180967"]
[WhiteElo "2107"]
[BlackElo "1835"]
[Result "1-0"]
[Round "09"]
[TimeControl "180+2"]
[Date "2023.02.14"]
[WhiteClock "0:01:52"]
[BlackClock "0:00:04"]

1. e4 c5 2. Nf3 e6 3. b3 d5 4. exd5 exd5 5. Bb5+ Bd7 6. Qe2+ Qe7 7. Qxe7+ Nxe7 8. Bxd7+ Nxd7 9. O-O O-O-O 10. Ng5 f6 11. Nf7 Rg8 12. Nxd8 Kxd8 13. Bb2 h5 14. d4 b6 15. Nd2 Nf5 16. dxc5 bxc5 17. Rad1 Kc7 18. Nf3 Kc6 19. Rfe1 Nd6 20. Re6 Kc7 21. c4 d4 22. b4 a6 23. bxc5 Nxc5 24. Re2 d3 25. Ree1 Nxc4 26. Bd4 Nd6 27. Bxc5 1-0


[Site "https://www.chess.com"]

[Event "Titled Tuesday Blitz February 14 Late 2023"]
[White "Curtis, John"]
[Black "Cueto, Jonny"]
[WhiteFideId "3200256"]
[BlackFideId "3300145"]
[WhiteElo "2292"]
[BlackElo "2122"]
[Result "0-1"]
[Round "09"]
[TimeControl "180+2"]
[Date "2023.02.14"]
[WhiteClock "0:00:20"]
[BlackClock "0:00:12"]

1. c4 e6 2. Nf3 Nf6 3. g3 b6 4. Bg2 Bb7 5. d4 Be7 6. O-O O-O 7. Nc3 Ne4 8. Nxe4 Bxe4 9. Nh4 Bxg2 10. Nxg2 d6 11. e4 Nd7 12. d5 exd5 13. cxd5 Re8 14. Ne3 Bf6 15. f3 a5 16. Nf5 Nc5 17. Rb1 Qd7 18. Be3 a4 19. Bd4 Be5 20. Bxe5 Rxe5 21. Nd4 a3 22. b3 g6 23. Qc2 Rc8 24. b4 Na4 25. Nc6 Nb2 26. Qb3 Rh5 27. Qxa3 Nc4 28. Qc3 Ne5 29. Nxe5 dxe5 30. Qc6 Qh3 31. Rf2 Rg5 32. Rg2 Qh5 33. g4 Qh6 34. Qd7 Rf8 35. Qxc7 f5 36. Qxe5 fxg4 37. Qe6+ Rf7 38. Rxg4 Rxg4+ 39. Qxg4 Qe3+ 40. Kh1 Rxf3 41. d6 Rf4 42. d7 Qxe4+ 43. Qg2 Qxb1+ 44. Qg1 Qxg1+ 45. Kxg1 Rd4 46. Kf2 Rxd7 47. Ke3 Kf7 48. a3 Ke6 49. Ke4 Ra7 50. Kd4 Rxa3 51. Kc4 Rh3 52. Kb5 Rxh2 53. Kxb6 Rb2 54. Kc6 g5 55. b5 g4 56. b6 g3 57. b7 g2 58. b8=Q Rxb8 59. Kc7 Rc8+ 60. Kxc8 g1=Q 61. Kc7 Qd4 62. Kc6 Qd5+ 63. Kc7 Qd6+ 64. Kc8 Qe7 65. Kb8 Kd6 66. Ka8 Kc6 0-1


[Site "https://www.chess.com"]

[Event "Titled Tuesday Blitz February 14 Late 2023"]
[White "Rose, Felix"]
[Black "Levine, David"]
[WhiteFideId "5105722"]
[BlackFideId "2011611"]
[WhiteElo "2091"]
[BlackElo "2040"]
[Result "0-1"]
[Round "09"]
[TimeControl "180+2"]
[Date "2023.02.14"]
[WhiteClock "0:02:20"]
[BlackClock "0:01:30"]

1. e4 e5 2. Nf3 Nc6 3. Bb5 a6 4. Ba4 Nf6 5. O-O Be7 6. Re1 b5 7. Bb3 d6 8. c3 O-O 9. h3 Bb7 10. a4 Re8 11. axb5 axb5 12. Rxa8 Qxa8 13. Na3 b4 14. Nc4 h6 15. Qc2 Bf8 16. d3 d5 17. exd5 Nxd5 18. Ncxe5 Nxe5 19. Rxe5 Rxe5 20. Nxe5 bxc3 21. bxc3 Bd6 22. Nc4 Be7 23. Qa2 Qxa2 24. Bxa2 Nxc3 0-1


[Site "https://www.chess.com"]

[Event "Titled Tuesday Blitz February 14 Late 2023"]
[White "Estrada Nieto, Julian"]
[Black "Sailer, Mike"]
[WhiteFideId "5101018"]
[BlackFideId "2012901"]
[WhiteElo "2215"]
[BlackElo "2109"]
[Result "1-0"]
[Round "09"]
[TimeControl "180+2"]
[Date "2023.02.14"]
[WhiteClock "0:01:01"]
[BlackClock "0:00:33"]

1. d4 d5 2. Nf3 Nf6 3. Bf4 Bf5 4. e3 e6 5. c4 Nc6 6. Nc3 Bb4 7. Qb3 O-O 8. Be2 Ne4 9. a3 Bxc3+ 10. bxc3 Na5 11. Qb4 Nxc4 12. Bxc4 dxc4 13. Qxc4 Rc8 14. O-O c5 15. Qb3 b6 16. Rfd1 cxd4 17. cxd4 Nc3 18. Rd2 Ne4 19. Rdd1 Rc3 20. Qa4 Qe7 21. Rdc1 Rfc8 22. Rxc3 Nxc3 23. Qa6 Nd5 24. Qxc8+ 1-0


[Site "https://www.chess.com"]

[Event "Titled Tuesday Blitz February 14 Late 2023"]
[White "Oliveira, Tiago Batista"]
[Black "Clawitter, Craig"]
[WhiteFideId "2108291"]
[BlackFideId "2023105"]
[WhiteElo "1991"]
[BlackElo "2050"]
[Result "0-1"]
[Round "09"]
[TimeControl "180+2"]
[Date "2023.02.14"]
[WhiteClock "0:00:01"]
[BlackClock "0:00:25"]

1. d4 e6 2. c4 Nf6 3. Nf3 d5 4. g3 Be7 5. Bg2 O-O 6. O-O dxc4 7. Ne5 Nc6 8. Bxc6 bxc6 9. Nxc6 Qe8 10. Nxe7+ Qxe7 11. Qa4 e5 12. dxe5 Qxe5 13. Qxc4 Be6 14. Qc2 Bf5 15. Qd1 Rad8 16. Qe1 Bh3 17. Nc3 Bxf1 18. Qxf1 Ne4 19. Bf4 Qf5 20. Nxe4 Qxe4 21. Bxc7 Rd2 22. b3 Rxe2 23. Bf4 Re8 24. Be3 Qf3 25. Bxa7 h5 26. a4 h4 27. a5 Qb7 28. Bb6 R8e6 29. Rc1 hxg3 30. hxg3 Rh6 31. Rc8+ Kh7 32. Qb1+ g6 0-1


[Site "https://www.chess.com"]

[Event "Titled Tuesday Blitz February 14 Late 2023"]
[White "Mushini Ajay"]
[Black "Wang, Alexander J"]
[WhiteFideId "35066188"]
[BlackFideId "30955270"]
[WhiteElo "2310"]
[BlackElo "1815"]
[Result "1-0"]
[Round "09"]
[TimeControl "180+2"]
[Date "2023.02.14"]
[WhiteClock "0:01:05"]
[BlackClock "0:01:11"]

1. e4 c5 2. Nf3 e6 3. d4 cxd4 4. Nxd4 Nf6 5. Nc3 Nc6 6. Ndb5 Bc5 7. Bf4 O-O 8. Bd6 Qb6 9. Bxc5 Qxc5 10. Qd6 Qb6 11. a4 Ne8 12. a5 Nxd6 13. axb6 Nxb5 14. Bxb5 a6 15. Bxc6 dxc6 16. O-O-O e5 17. Na4 a5 18. c4 Be6 19. b3 Rab8 20. Kc2 f5 21. exf5 Bxf5+ 22. Kc3 Bg4 23. f3 Bh5 24. Rhe1 Rfe8 25. Rd7 Bg6 26. Nc5 Bf5 27. Rxb7 Rxb7 28. Nxb7 1-0


[Site "https://www.chess.com"]

[Event "Titled Tuesday Blitz February 14 Late 2023"]
[White "Hu, Merric"]
[Black "Marcolino, Daniel Mattos"]
[WhiteFideId "30906660"]
[BlackFideId "2106841"]
[WhiteElo "2022"]
[BlackElo "2006"]
[Result "0-1"]
[Round "09"]
[TimeControl "180+2"]
[Date "2023.02.14"]
[WhiteClock "0:00:29"]
[BlackClock "0:00:17"]

1. d4 Nf6 2. c3 d5 3. Nf3 Bf5 4. Bf4 c6 5. h3 e6 6. e3 h6 7. Bd3 Bxd3 8. Qxd3 Bd6 9. Nbd2 O-O 10. g4 Qc7 11. Bxd6 Qxd6 12. Rg1 Nbd7 13. g5 hxg5 14. Rxg5 c5 15. O-O-O cxd4 16. exd4 Rfc8 17. Rdg1 Ne8 18. h4 b5 19. Kb1 b4 20. c4 dxc4 21. Nxc4 Qf4 22. R1g4 Qf6 23. b3 a5 24. Qe4 a4 25. Rf4 Qh6 26. Nfe5 Ndf6 27. Qg2 axb3 28. axb3 Qh7+ 29. Kb2 Ra7 30. h5 Nd5 31. Rfg4 Ra2+ 0-1


[Site "https://www.chess.com"]

[Event "Titled Tuesday Blitz February 14 Late 2023"]
[White "Leonte, Sebastian-Marian"]
[Black "Dias, Joao Batista"]
[WhiteFideId "1268767"]
[BlackFideId "2108240"]
[WhiteElo "1279"]
[BlackElo "1796"]
[Result "1-0"]
[Round "09"]
[TimeControl "180+2"]
[Date "2023.02.14"]
[WhiteClock "0:00:16"]
[BlackClock "0:02:06"]

1. e4 e6 2. d4 d5 3. Nc3 Nf6 4. e5 Nfd7 5. f4 c5 6. Nf3 Nc6 7. Be3 Be7 8. Qd2 O-O 9. O-O-O a6 10. dxc5 Bxc5 11. Kb1 b5 12. Qf2 Qb6 13. Bxc5 Qxc5 14. Qxc5 Nxc5 15. Bd3 Nxd3 16. cxd3 Bb7 17. Ne2 Rac8 18. Ned4 Nxd4 19. Nxd4 g6 20. Rc1 Kg7 21. Rxc8 Rxc8 22. Rc1 h6 23. Rxc8 Bxc8 24. Kc2 f6 25. Kc3 fxe5 26. fxe5 g5 27. Kb4 Kg6 28. g4 h5 29. h3 hxg4 30. hxg4 Bd7 31. Kc5 Kf7 32. Kd6 Ke8 33. b4 a5 34. bxa5 b4 35. a6 Bc8 36. a7 Bb7 37. Kc7 Ba8 38. Kb8 b3 39. axb3 Kd7 40. Kxa8 Kc8 41. Nxe6 d4 42. Nxd4 Kc7 43. Ne6+ Kc8 44. Nxg5 Kc7 45. Ne6+ Kc8 46. g5 Kd7 47. Kb7 Kxe6 48. a8=Q Kf5 49. Qf8+ Kg4 50. g6 Kh5 51. g7 1-0


[Site "https://www.chess.com"]

[Event "Titled Tuesday Blitz February 14 Late 2023"]
[White "Jesusesmifuerza"]
[Black "Vargas, Mauricio"]
[BlackFideId "4404572"]
[WhiteElo "2001"]
[BlackElo "2035"]
[Result "0-1"]
[Round "09"]
[TimeControl "180+2"]
[Date "2023.02.14"]
[WhiteClock "0:02:11"]
[BlackClock "0:00:20"]

1. d4 d5 2. Nc3 c6 3. Bf4 Nd7 4. f3 f6 5. e4 e5 6. Be3 exd4 7. Bxd4 c5 8. Bf2 d4 9. Nd5 Ne7 10. Bc4 a6 11. a4 Ne5 12. b3 Nxc4 13. bxc4 Nxd5 14. cxd5 Bd6 15. Ne2 O-O 16. O-O Bc7 17. c3 Qd6 18. Bg3 Qd7 19. Bxc7 Qxc7 20. cxd4 c4 21. Nc3 Bd7 22. e5 fxe5 23. dxe5 Qxe5 24. Qe1 Qd4+ 25. Kh1 Rae8 26. Qc1 Re3 0-1


[Site "https://www.chess.com"]

[Event "Titled Tuesday Blitz February 14 Late 2023"]
[White "Bluebaum, Matthias"]
[Black "Bortnyk, Olexandr"]
[WhiteFideId "24651516"]
[BlackFideId "14120828"]
[WhiteElo "2669"]
[BlackElo "2605"]
[Result "1-0"]
[Round "10"]
[TimeControl "180+2"]
[Date "2023.02.14"]
[WhiteClock "0:00:11"]
[BlackClock "0:00:02"]

1. d4 d6 2. Nf3 Nf6 3. c4 g6 4. Nc3 Bg7 5. e4 O-O 6. Be2 Nbd7 7. O-O e5 8. Be3 c6 9. Qc2 Qe7 10. Rad1 Re8 11. d5 c5 12. Ne1 Rf8 13. Nd3 Ne8 14. b4 b6 15. bxc5 bxc5 16. Rde1 f5 17. exf5 gxf5 18. f4 e4 19. Nf2 Nb6 20. a4 Bd4 21. Nfd1 Ba6 22. Nb5 Qg7 23. a5 Bxb5 24. cxb5 Nxd5 25. Bc4 Nf6 26. Bxd5+ Nxd5 27. Qc4 Qf7 28. Bxd4 cxd4 29. Qxd4 Rab8 30. b6 axb6 31. a6 Ra8 32. Ne3 Ne7 33. Qxb6 d5 34. Rd1 Qg6 35. Qb7 Qf7 36. Nxd5 Nxd5 37. Rxd5 Rab8 38. Qxf7+ Rxf7 39. Ra1 Ra8 40. Rda5 Raa7 41. Kf2 Kg7 42. Ke3 Kg6 43. h3 h5 44. g4 hxg4 45. hxg4 fxg4 46. Rg1 Kf6 47. Rxg4 Rfc7 48. Rh4 Rc3+ 49. Kxe4 Rc4+ 50. Kf3 Kg6 51. Rg5+ Kf6 52. Rh6+ 1-0


[Site "https://www.chess.com"]

[Event "Titled Tuesday Blitz February 14 Late 2023"]
[White "Nakamura, Hikaru"]
[Black "Terry, Renato"]
[WhiteFideId "2016192"]
[BlackFideId "3803457"]
[WhiteElo "2775"]
[BlackElo "2520"]
[Result "1-0"]
[Round "10"]
[TimeControl "180+2"]
[Date "2023.02.14"]
[WhiteClock "0:00:07"]
[BlackClock "0:00:02"]

1. Nf3 d5 2. g3 Nf6 3. Bg2 c6 4. d3 Bg4 5. O-O Nbd7 6. Qe1 e5 7. e4 dxe4 8. dxe4 Qc7 9. Nbd2 Be7 10. a4 O-O 11. Nc4 Be6 12. Qe2 h6 13. Nh4 Rfe8 14. b3 Rad8 15. Bb2 Bf8 16. Rfd1 g6 17. Nf3 Bxc4 18. Qxc4 Bg7 19. h4 Ng4 20. Bh3 Ndf6 21. Qe2 Bf8 22. Ne1 h5 23. Nd3 Bd6 24. f3 Nh6 25. Kg2 Kh7 26. Rd2 Nfg8 27. Rad1 f6 28. Bc3 Kg7 29. Nb2 Nf7 30. Nc4 Bc5 31. Rd7 Qb8 32. Na5 Rxd7 33. Rxd7 Re7 34. Qd3 Bd4 35. Bxd4 Rxd7 36. Bxd7 exd4 37. Qxd4 Ne5 38. f4 Qd8 39. fxe5 Qxa5 40. Bc8 fxe5 41. Qd7+ Kh6 42. Qd6 Qe1 43. Qf8+ Kh7 44. Qf7+ Kh6 45. Bh3 Qxe4+ 46. Kh2 1-0


[Site "https://www.chess.com"]

[Event "Titled Tuesday Blitz February 14 Late 2023"]
[White "Lenderman, Aleksandr"]
[Black "Yu, Yangyi"]
[WhiteFideId "2021285"]
[BlackFideId "8603820"]
[WhiteElo "2572"]
[BlackElo "2729"]
[Result "1/2-1/2"]
[Round "10"]
[TimeControl "180+2"]
[Date "2023.02.14"]
[WhiteClock "0:00:05"]
[BlackClock "0:00:01"]

1. d4 Nf6 2. c4 e6 3. g3 d5 4. Bg2 Be7 5. Nf3 O-O 6. O-O dxc4 7. Qc2 a6 8. a4 Bd7 9. Qxc4 Bc6 10. Bg5 Nbd7 11. Rd1 h6 12. Bxf6 Nxf6 13. Nbd2 a5 14. Qc2 Bb4 15. Nc4 Be4 16. Qc1 c6 17. Nce5 Qe7 18. Nd3 Rfd8 19. e3 Nd5 20. Nfe5 Bxg2 21. Kxg2 Rac8 22. Qc4 Rc7 23. Qb3 Rdc8 24. Rac1 c5 25. dxc5 Bxc5 26. Nc4 Bb4 27. e4 Nf6 28. f3 Rc6 29. Nce5 Rxc1 30. Rxc1 Rxc1 31. Nxc1 Nd7 32. Ncd3 Nxe5 33. Nxe5 Qc5 34. Nd3 Qe3 35. Qc2 Bd2 36. Nf2 Qd4 37. b3 Be3 38. Ng4 Bg5 39. h4 Be7 40. Qc8+ Kh7 41. Qxb7 Bc5 42. Kh3 Qd1 43. Nf6+ Kg6 44. Nh5 Qf1+ 45. Kg4 f5+ 46. Kf4 Bd6+ 47. Ke3 Qe1+ 48. Kd3 Qd1+ 49. Kc4 Qc2+ 50. Kd4 Qd2+ 51. Kc4 Qe2+ 52. Kd4 Qd2+ 53. Kc4 Qc2+ 54. Kd4 Qd1+ 55. Kc4 Qc2+ 1/2-1/2


[Site "https://www.chess.com"]

[Event "Titled Tuesday Blitz February 14 Late 2023"]
[White "Perez Ponsa, Federico"]
[Black "Andreikin, Dmitry"]
[WhiteFideId "117927"]
[BlackFideId "4158814"]
[WhiteElo "2532"]
[BlackElo "2729"]
[Result "0-1"]
[Round "10"]
[TimeControl "180+2"]
[Date "2023.02.14"]
[WhiteClock "0:00:05"]
[BlackClock "0:00:21"]

1. e4 e6 2. d4 d5 3. e5 c5 4. c3 Nc6 5. Nf3 Qb6 6. Be2 Nh6 7. Bxh6 gxh6 8. Qd2 Bd7 9. O-O Rg8 10. Na3 c4 11. Nc2 Qd8 12. b3 cxb3 13. axb3 f6 14. c4 fxe5 15. cxd5 exd5 16. dxe5 Bh3 17. g3 Bxf1 18. Kxf1 Bc5 19. b4 Bb6 20. Qxh6 Qe7 21. b5 Na5 22. Qh3 Qd7 23. e6 Qe7 24. Qh5+ Rg6 25. Ne5 O-O-O 26. Nxg6 hxg6 27. Qxg6 Rf8 28. f4 Qc5 29. Ke1 Nb3 30. e7 Qg1+ 31. Bf1 Qf2+ 32. Kd1 Qd2# 0-1


[Site "https://www.chess.com"]

[Event "Titled Tuesday Blitz February 14 Late 2023"]
[White "Sarana, Alexey"]
[Black "Zhigalko, Sergei"]
[WhiteFideId "24133795"]
[BlackFideId "13502956"]
[WhiteElo "2685"]
[BlackElo "2572"]
[Result "1-0"]
[Round "10"]
[TimeControl "180+2"]
[Date "2023.02.14"]
[WhiteClock "0:01:10"]
[BlackClock "0:00:08"]

1. c4 e5 2. Nc3 Nf6 3. Nf3 Nc6 4. e3 Bb4 5. Nd5 Ba5 6. a3 d6 7. Qc2 Nxd5 8. cxd5 Ne7 9. Bc4 O-O 10. O-O Bf5 11. d3 Bb6 12. h3 Rc8 13. e4 Bd7 14. Be3 h6 15. d4 Ng6 16. dxe5 dxe5 17. Qd2 Qf6 18. Kh2 Rfd8 19. Rac1 c6 20. Rfd1 Bxe3 21. Qxe3 b6 22. dxc6 Bxc6 23. g3 Nf8 24. Rxd8 Rxd8 25. Bxf7+ Kh8 26. Nxe5 Qxe5 27. Rxc6 Qxb2 28. Bd5 Nd7 29. Rxh6+ gxh6 30. Qxh6# 1-0


[Site "https://www.chess.com"]

[Event "Titled Tuesday Blitz February 14 Late 2023"]
[White "Melkumyan, Hrant"]
[Black "Hakobyan, Aram"]
[WhiteFideId "13302485"]
[BlackFideId "13306677"]
[WhiteElo "2645"]
[BlackElo "2608"]
[Result "0-1"]
[Round "10"]
[TimeControl "180+2"]
[Date "2023.02.14"]
[WhiteClock "0:00:01"]
[BlackClock "0:00:20"]

1. d4 g6 2. e4 Bg7 3. Nf3 Nf6 4. Bd3 d5 5. e5 Ne4 6. Nbd2 Nxd2 7. Bxd2 c5 8. c3 O-O 9. h4 Bg4 10. h5 cxd4 11. hxg6 fxg6 12. cxd4 Nc6 13. Bc3 Qd7 14. Be2 Rac8 15. Qd3 Qf5 16. Qxf5 Bxf5 17. Kd2 h5 18. Nh4 Bh6+ 19. Ke1 Bc2 20. g3 a6 21. f4 b5 22. a3 e6 23. Nf3 Be4 24. Rh2 Ne7 25. Nd2 Nf5 26. Nxe4 dxe4 27. Rh3 Rfd8 28. Rd1 Ne3 29. Rd2 Nd5 30. Ba5 Rc1+ 31. Rd1 Rdc8 32. Rh1 R8c2 33. Kf2 Rxd1 34. Rxd1 h4 35. gxh4 Nxf4 36. Rd2 Nh3+ 0-1


[Site "https://www.chess.com"]